 Dungeon Crawl Stone Soup version 0.28-a0-8-g6e044cfa68 (webtiles) character file.

Game seed: 1746658550054651108

15781 Blejac999 the Thaumaturge (level 12, -2/78 HPs)
             Began as a Djinni Conjurer on July 24, 2021.
             Was an Elder of Makhleb.
             Slain by an unseen horror (10 damage)
             ... on level 11 of the Dungeon.
             The game lasted 00:38:05 (11227 turns).

Blejac999 the Thaumaturge (Djinni Conjurer)        Turns: 11227, Time: 00:38:06

Health: -2/78      AC:  5    Str:  6    XL:     12   Next: 62%
Gold:   189        EV: 15    Int: 22    God:    Makhleb [****..] SH:  0 Dex: 13

rFire   + + .      SeeInvis .   s - +4 great sword
rCold   . . .      Faith    .   (shield currently unavailable)
rNeg    . . .      Spirit   .   u - +2 robe {rC+}
rPois   ∞          Reflect  .   g - +0 helmet
rElec   .          Harm     .   (no cloak)
rCorr   .          Rampage  .   (no gloves)
Will    +....                   (boots unavailable)
Stlth   +++.......              o - amulet of regeneration
HPRegen 1.23/turn               a - ring of wizardry
MPRegen 0.00/turn               w - ring of wizardry

@: flying, studying Long Blades
A: sickness immunity, fire resistance 2, cold vulnerability 1, float, innate
caster, hp casting, extra vitality 1, dopey 1, wild magic 1
a: Renounce Religion, Minor Destruction, Lesser Servant of Makhleb, Major
Destruction


You were on level 11 of the Dungeon.
You worshipped Makhleb.
Makhleb was greatly pleased with you.
You visited 3 branches of the dungeon, and saw 13 of its levels.

You collected 582 gold pieces.
You spent 393 gold pieces at shops.

Inventory:

Hand Weapons
 s - a +4 great sword (weapon)
Missiles
 m - a throwing net
Armour
 g - a +0 helmet (worn)
 u - a +2 robe of cold resistance (worn)
 y - a +2 robe of resistance
Magical Staves
 d - a staff of death
 e - a staff of cold
Jewellery
 a - a ring of wizardry (left hand)
 l - an amulet of the acrobat
 o - an amulet of regeneration (around neck)
 w - a ring of wizardry (right hand)
Wands
 p - a wand of flame (36)
 r - a wand of digging (6)
 t - a wand of iceblast (5)
 x - a wand of acid (7)
Scrolls
 b - 5 scrolls of teleportation
 f - 6 scrolls of identify
 h - 2 scrolls of enchant armour
 j - 3 scrolls of magic mapping
 n - 2 scrolls of immolation
 q - a scroll of fear
Potions
 c - 6 potions of curing
 i - a potion of might
 k - a potion of brilliance
Miscellaneous
 v - a phantom mirror


   Skills:
 + Level 4.0 Fighting
 + Level 6.2 Long Blades
 + Level 8.6 Dodging
 + Level 6.2 Stealth
 + Level 12.1 Spellcasting
 * Level 3.3 Invocations


You had 7 spell levels left.
You knew the following spells:

 Your Spells              Type           Power      Damage    Failure   Level
a - Magic Dart            Conj           100%       1d8       1%          1
b - Searing Ray           Conj           100%       3d7       1%          2
c - Dazzling Flash        Conj/Hex       100%       N/A       1%          3
d - Fulminant Prism       Conj/Hex       36%        3d18      1%          4
e - Iskenderun's Mystic   Conj/Tloc      72%        2d15      1%          4
f - Freeze                Ice            100%       1d11      1%          1
g - Ensorcelled Hibernat  Hex/Ice        100%       N/A       1%          2
h - Ignite Poison         Fire/Tmut/Pois 72%        N/A       1%          3
i - Sticky Flame          Conj/Fire      72%        2d9       1%          4
j - Petrify               Tmut/Erth      72%        N/A       1%          4
Your spell library was empty.

Dungeon Overview and Level Annotations

Branches:
Dungeon (11/15)            Temple (1/1) D:4             Orc (1/2) D:9
   Lair: D:8-11

Altars:
Ashenzari
Cheibriados
Dithmenos
Elyvilon
Fedhas
Gozag
Hepliaklqana
Kikubaaqudgha
Makhleb
Nemelex Xobeh
Qazlal
Ru
Trog
Uskayaw
Vehumet
Wu Jian
Xom
Zin
The Shining One

Shops:
D:1 ?   D:8 =   D:9 *

Annotations:
D:10 Nergalle
Orc:1 Urug


Innate Abilities, Weirdness & Mutations

You are immune to sickness and miasma.
You are immune to poison.
Your flesh is very heat resistant. (rF++)
You are vulnerable to cold. (rC-)
You float through the air rather than walking.
You learn spells naturally, not from books.
Your magical power is your life essence.
You have superior vitality. (+4 HP)
You are dopey. (Int -2)
Your spells are a little harder to cast, but a little more powerful.


Message History

You feel better. Something hits you.
Your Fighting skill increases to level 4!
Something completely misses you.
You slash something! Something hits you!
A vampire mosquito comes into view.
Something hits you!
The vampire mosquito moves out of view.
Casting: Searing Ray (safe; 1% risk of failure)
Confirm with . or Enter, or press ? or * to list all spells.
Aiming: Searing Ray (safe; 1% risk of failure)
Press: ? - help, Shift-Dir - straight line The searing ray hits something. (Press . to maintain the ray.)
The howler monkey zombie barely misses you.
Something hits you.
* * * LOW HITPOINT WARNING * * *
The searing ray hits something!
* * * LOW HITPOINT WARNING * * *
Something hits you!
* * * LOW HITPOINT WARNING * * *
The howler monkey zombie closely misses you.
Okay, then.
Okay, then.
You can't see any enemies this would affect, really read the scroll of fear?
Okay, then.
Okay, then.
Okay, then.
You feel better. Something hits you!
* * * LOW HITPOINT WARNING * * *
A vampire mosquito comes into view.
The howler monkey zombie hits you.
* * * LOW HITPOINT WARNING * * *
You feel better. Something hits you.
* * * LOW HITPOINT WARNING * * *
The howler monkey zombie completely misses you.
You riposte.
You barely miss the howler monkey zombie.
Something barely misses you.
Okay, then.
Something hits you!
You die...

######### ......#.#
########## #####.#.#
#........# #
#.#.######........# ###
# #.#.'...##..<.....#
#.#
#.#.###..'........####.#
#.#.# ####........'....#
#...# #........######
##### ###@###### #..#
##Z######## #.........#
#.......... #....y.....
#.........> #.........#
#.........#


You could see a vampire mosquito and a howler monkey zombie.

Vanquished Creatures
  Erica (D:8)
  4 two-headed ogres
  2 gargoyles
  Psyche (D:10)
  A komodo dragon (D:7)
  3 trolls
  Grinder (D:5)
  3 shadows
  A basilisk (D:11)
  3 hogs (D:11)
  13 yaks
  A wraith (D:11)
  A human (D:11)
  Grum (D:10)
  4 wyverns
  2 acid dragons
  6 water moccasins
  3 black bears
  An ice beast (D:5)
  9 orc warriors
  A sky beast (D:4)
  2 necrophages
  3 centaurs
  2 ogres (D:6)
  3 wolves (D:10)
  2 phantoms
  3 kobold brigands
  5 bullfrogs
  3 scorpions
  A water moccasin zombie (D:5)
  2 water moccasin skeletons
  5 killer bees (D:9)
  6 wights
  6 centaur zombies
  A bullfrog skeleton (D:5)
  3 hounds
  A centaur skeleton (D:5)
  An orc priest (D:9)
  2 gnoll shamans
  A jelly (D:6)
  2 iguanas
  14 orc wizards
  A killer bee zombie (D:7)
  3 hound skeletons
  Robin (D:3)
  4 gnolls (D:4)
  2 howler monkey zombies
  9 adders
  A shadow imp (D:7)
  3 dart slugs
  31 orcs
  8 ball pythons
  5 endoplasms
  5 giant cockroaches
  13 hobgoblins
  3 quokkas (D:1)
  3 bats
  2 frilled lizards
  12 goblins
  16 kobolds
  3 rats
255 creatures vanquished.

Vanquished Creatures (others)
  30 fulminant prisms
  6 fungi (D:11)
  9 plants (D:11)
45 creatures vanquished.

Grand Total: 300 creatures vanquished

Notes
Turn   | Place    | Note
-------+----------+-------------------------------------------
     0 | D:1      | Blejac999 the Djinni Conjurer began the quest for the Orb.
     0 | D:1      | Reached XP level 1. HP: 15/15 MP: 0/0
   150 | D:1      | Found Inebatri's Magic Scroll Shop.
   204 | D:1      | Reached XP level 2. HP: 19/21 MP: 0/0
   591 | D:1      | Gained mutation: Your spells are a little harder to cast,
                  | but a little more powerful. [potion of mutation]
   591 | D:1      | Gained mutation: You are dopey. (Int -2) [potion of
                  | mutation]
   666 | D:1      | Bought a scroll of teleportation for 33 gold pieces
   930 | D:2      | Reached XP level 3. HP: 24/25 MP: 0/0
   930 | D:2      | Learned a level 1 spell: Freeze
  1329 | D:2      | Reached skill level 4 in Spellcasting
  1452 | D:2      | Reached XP level 4. HP: 23/31 MP: 0/0
  2106 | D:3      | Reached XP level 5. HP: 24/35 MP: 0/0
  2106 | D:3      | Learned a level 2 spell: Ensorcelled Hibernation
  2335 | D:3      | Noticed Robin
  2350 | D:3      | Killed Robin
  3015 | D:3      | Found a faded altar of an unknown god.
  3175 | D:4      | Reached skill level 5 in Spellcasting
  3175 | D:4      | Reached XP level 6. HP: 37/40 MP: 0/0
  3397 | D:4      | Found a staircase to the Ecumenical Temple.
  3405 | Temple   | Entered the Ecumenical Temple
  3446 | Temple   | Became a worshipper of Makhleb the Destroyer
  3552 | D:4      | Found a broken altar of Ashenzari.
  3570 | D:4      | Noticed an orc warrior
  3583 | D:4      | Killed an orc warrior
  3838 | D:4      | Reached XP level 7. HP: 29/46 MP: 0/0
  3838 | D:4      | Learned a level 3 spell: Ignite Poison
  4429 | D:5      | Entered Level 5 of the Dungeon
  4608 | D:5      | Noticed a gargoyle
  4677 | D:4      | Reached skill level 6 in Spellcasting
  4879 | D:5      | Reached skill level 1 in Fighting
  4885 | D:4      | Reached XP level 8. HP: 29/52 MP: 0/0
  5101 | D:5      | Noticed a shadow
  5105 | D:5      | Killed a shadow
  5262 | D:5      | Reached * piety under Makhleb
  5262 | D:5      | Noticed Grinder
  5291 | D:5      | Killed Grinder
  5292 | D:5      | Reached skill level 7 in Spellcasting
  5368 | D:5      | Reached XP level 9. HP: 45/57 MP: 0/0
  5368 | D:5      | Learned a level 4 spell: Sticky Flame
  5491 | D:5      | Killed a gargoyle
  5492 | D:5      | Reached skill level 5 in Dodging
  5667 | D:6      | Reached skill level 8 in Spellcasting
  5831 | D:6      | Found a sparkling altar of Nemelex Xobeh.
  6137 | D:6      | Found a large runed translucent door.
  6142 | D:6      | Found a large runed translucent door.
  6156 | D:6      | Found a hazy altar of Hepliaklqana.
  6161 | D:6      | Found a glowing golden altar of the Shining One.
  6161 | D:6      | Found a shimmering altar of Xom.
  6166 | D:6      | Found an opulent altar of Gozag.
  6208 | D:6      | Reached ** piety under Makhleb
  6558 | D:6      | Found a shadowy altar of Dithmenos.
  6663 | D:6      | Found a sacrificial altar of Ru.
  6946 | D:7      | Noticed a gargoyle
  6955 | D:7      | Killed a gargoyle
  6956 | D:7      | Reached skill level 5 in Stealth
  6956 | D:7      | Reached skill level 9 in Spellcasting
  6956 | D:7      | Reached XP level 10. HP: 64/64 MP: 0/0
  6956 | D:7      | Noticed a komodo dragon
  7040 | D:7      | Killed a komodo dragon
  7080 | D:7      | Noticed a two-headed ogre
  7087 | D:7      | Killed a two-headed ogre
  7914 | D:8      | Noticed a two-headed ogre
  7921 | D:8      | Killed a two-headed ogre
  7922 | D:8      | Reached skill level 10 in Spellcasting
  7961 | D:8      | Noticed Erica
  7974 | D:8      | Killed Erica
  7975 | D:8      | Reached XP level 11. HP: 70/70 MP: 0/0
  7975 | D:8      | Learned a level 4 spell: Petrify
  8289 | D:8      | Found Gytaxzot's Jewellery Emporium.
  8297 | D:8      | Bought a ring of wizardry for 360 gold pieces
  8481 | D:8      | Noticed a white ugly thing
  8576 | D:9      | Found Hokhumae's General Store.
  8608 | D:9      | Reached skill level 1 in Long Blades
  8608 | D:9      | Reached skill level 11 in Spellcasting
  8683 | D:9      | Reached *** piety under Makhleb
  9533 | D:9      | Found a staircase to the Orcish Mines.
  9643 | Orc:1    | Entered Level 1 of the Orcish Mines
  9643 | Orc:1    | Noticed Urug
  9643 | Orc:1    | Noticed a cyclops
  9692 | D:10     | Entered Level 10 of the Dungeon
  9837 | D:10     | Noticed a two-headed ogre
  9844 | D:10     | Killed a two-headed ogre
  9932 | D:10     | Noticed a two-headed ogre
  9951 | D:10     | Killed a two-headed ogre
  9951 | D:10     | Reached **** piety under Makhleb
 10042 | D:10     | Noticed Grum
 10212 | D:10     | Reached XP level 12. HP: 71/76 MP: 0/0
 10222 | D:10     | Reached skill level 1 in Invocations
 10245 | D:10     | Killed Grum
 10358 | D:10     | Noticed Psyche
 10363 | D:10     | Killed Psyche
 10364 | D:10     | Reached skill level 5 in Long Blades
 10552 | D:10     | Noticed Nergalle
 10582 | D:11     | Noticed a two-headed ogre
 10824 | D:11     | Reached skill level 12 in Spellcasting
 11225 | D:11     | HP: 3/78 [howler monkey zombie (5)]
 11227 | D:11     | Slain by an unseen horror

Illustrated notes

Levels and vault maps discovered:
D:1:      dpeg_arrival_round_c, layout_loops_ring, serial_shops, shop_statue,
          nrook_mini_vaults
D:2:      layout_basic
D:3:      layout_basic, shapermc_ecumenical_altar_mp_urbaneastern, uniq_robin
D:4:      layout_basic, mainiacjoe_overflow_six_doors_small,
          minmay_temple_entry_statues_fountains, minmay_door_square
D:5:      layout_rooms, uniq_grinder
D:6:      layout_loops_corners, nemelex_dance_club_becter, minitemple,
          jmf_multi_god_temple2, nrook_uturn
D:7:      layout_rooms, kennysheep_another_room, minmay_fountain_box,
          minmay_manual_mess
D:8:      layout_cave_pools, serial_shops, nicolae_diamond_shop,
          biasface_ghost_orc_armoury, kennysheep_kite_vault, uniq_erica
D:9:      layout_long_grid, david_orc_4, serial_shops, shop
D:10:     layout_stronghold, muffindrake_ghost_dual_entry, uniq_grum,
          uniq_psyche, uniq_nergalle
D:11:     layout_roguey, minmay_lair_entry_grove, small_chamber_with_monster,
          grunt_livestock
Temple:   nicolae_temple_god_jail
Orc:1:    layout_diamond_mine, serial_shops, shop_statue, mines1_david,
          uniq_erolcha, uniq_urug

Skill      XL: |  1  2  3  4  5  6  7  8  9 10 11 12 |
---------------+-------------------------------------+-----
Spellcasting   | 4 5 6 7 9 10 11 12 | 12.1
Stealth        | 2 3 4 5 6 |  6.2
Dodging        | 3 4 6 7 8 |  8.6
Fighting       | 1 2 3 4 |  4.0
Long Blades    | 4 6 |  6.2
Invocations    | 3 |  3.3

Action                   |  1- 3 |  4- 6 |  7- 9 | 10-12 || total
-------------------------+-------+-------+-------+-------++-------
Melee: Great sword       |       |       |       |    13 ||    13
 Cast: Magic Dart        |    48 |    85 |    81 |   145 ||   359
       Searing Ray       |     2 |    14 |    42 |    81 ||   139
       Fulminant Prism   |       |       |     5 |    25 ||    30
       Ensorcelled Hiber |       |       |       |     2 ||     2
  Use: Scroll            |     3 |     6 |     5 |     5 ||    19
       Potion            |     3 |     5 |     2 |     5 ||    15
 Stab: Sleeping          |       |       |       |     4 ||     4
Armor: Robe              |     5 |    17 |    14 |    38 ||    74
Dodge: Dodged            |    16 |    19 |    61 |   101 ||   197
       Rpst.: Great sword |       |       |       |    25 ||    25

Table legend: (Time is in decaauts)
 A = Elapsed time spent in this place.
 B = Non-inter-level travel time spent in this place.
 C = Inter-level travel time spent in this place.
 D = Time resting spent in this place.
 E = Time spent auto-exploring this place.
 F = Levels seen in this place.
 G = Mean time per level.
                   A        B        C        D        E       F      G
               +--------+--------+--------+--------+--------+-----+--------+
         Total |  11267 |  10790 |    477 |   3256 |   5400 |  13 |  866.7 |
       Dungeon |  11181 |  10704 |    477 |   3227 |   5400 |  11 | 1016.5 |
        Temple |     83 |     83 |      0 |     29 |      0 |   1 |   83.0 |
  Orcish Mines |      1 |      1 |      0 |      0 |      0 |   1 |    1.0 |
               +--------+--------+--------+--------+--------+-----+--------+

Top non-repeatable levels by time:
     D:4: 1635 daAuts
     D:6: 1259 daAuts
     D:9: 1171 daAuts
     D:7: 1106 daAuts
     D:1: 1066 daAuts
     D:3: 1035 daAuts
     D:2: 992 daAuts
    D:10: 959 daAuts
     D:5: 760 daAuts
     D:8: 667 daAuts
    D:11: 526 daAuts
  Temple: 83 daAuts
   Orc:1: 1 daAuts
